 Dungeon Crawl Stone Soup version 0.29.1-15-g9cfb28693d (webtiles) character file.

Game seed: 333331692936675178

217 leafyfresh the Covert (level 5, -1/38 HPs)
             Began as an Octopode Delver on Mar 4, 2023.
             Was an Initiate of Ashenzari.
             Slain by a goblin
             ... wielding a +0 club
             ... led by Robin
              (2 damage)
             ... on level 4 of the Dungeon.
             The game lasted 00:02:08 (1392 turns).

leafyfresh the Covert (Octopode Delver)             Turns: 1392, Time: 00:02:09

Health: -1/38      AC:  1    Str: 11    XL:     5   Next: 94%
Magic:  5/5        EV: 14    Int: 15    God:    Ashenzari [......]
Gold:   36         SH:  0    Dex: 13    Spells: 4/4 levels left

rFire   + . .      SeeInvis .   a - +0 short sword
rCold   . . .      Faith    .   (no shield)
rNeg    . . .      Spirit   .   (helmet restricted)
rPois   .          Reflect  .   (no amulet)
rElec   .          Harm     .   g - ring of protection from fire
rCorr   .          Rampage  .   (no ring)
Will    .....                   (no ring)
Stlth   +++++.....              (no ring)
HPRegen 0.12/turn               (no ring)
MPRegen 0.09/turn               (no ring)
                                (no ring)
                                (no ring)

@: no status effects
A: almost no armour, amphibious, 8 rings, camouflage 1, gelatinous body 1,
(nimble swimmer 1), tentacles
a: Renounce Religion


You were on level 4 of the Dungeon.
You worshipped Ashenzari.
Ashenzari was noncommittal.
You visited 2 branches of the dungeon, and saw 3 of its levels.

You collected 36 gold pieces.

Inventory:

Hand Weapons
 a - a +0 short sword (weapon)
Jewellery
 g - a ring of protection from fire (left tentacle)
Wands
 f - a wand of digging (2)
Scrolls
 b - a scroll of fog
 c - a scroll of magic mapping
 d - a scroll of fear
 j - a scroll of enchant weapon {unknown}
 k - a scroll of teleportation {unknown}
Potions
 e - a potion of haste
 h - a potion of curing {unknown}
 i - 2 potions of heal wounds {unknown}


   Skills:
 + Level 4.4 Fighting
 - Level 2.0 Short Blades
 + Level 3.7 Dodging
 + Level 8.1 Stealth


You had 4 spell levels left.
You didn't know any spells.
Your spell library contained the following spells:

 Spells                   Type           Power      Damage    Failure   Level
 Poisonous Vapours        Pois/Air       0%         N/A       38%         2
 Corpse Rot               Necr/Pois/Air  0%         N/A       95%         4


Dungeon Overview and Level Annotations

Branches:
Dungeon (5/15)             Temple (1/1) D:5

Altars:
Ashenzari
Cheibriados
Dithmenos
Fedhas
Gozag
Hepliaklqana
Kikubaaqudgha
Okawaru
Qazlal
Ru
Sif Muna
Trog
Uskayaw
Vehumet
Xom
Yredelemnul
Zin
The Shining One


Innate Abilities, Weirdness & Mutations

You cannot wear most types of armour.
You are amphibious.
You can wear up to eight rings at the same time.
Your skin changes colour to match your surroundings (Stealth+).
Your rubbery body absorbs attacks. (AC +1, EV +1)
((You are camouflaged when in or above water. (Stealth+)))
You have tentacles for arms and can constrict up to eight enemies at once.


Message History

The goblin closely misses you.
You hit the goblin.
The goblin is heavily wounded.
You constrict the goblin.
The goblin no longer looks unusually strong.
The goblin barely misses you.
You hit the goblin.
You kill the goblin!
You barely miss the goblin. You grab the goblin.
Your squeeze misses the goblin. You constrict the goblin.
You kill the goblin!
The goblin unwields a +0 club.
The goblin wields a +0 sling.
The goblin shoots a sling bullet.
The sling bullet barely misses you.
You hit the goblin. Your grab misses the goblin.
The goblin is severely wounded.
The goblin misses you.
You hit the goblin.
You kill the goblin!
You hit the hobgoblin but do no damage. You grab the hobgoblin.
You squeeze the hobgoblin.
You kill the hobgoblin!
You barely miss the goblin. Your grab misses the goblin.
Your squeeze misses the goblin. The goblin closely misses you.
You completely miss the goblin. Your grab misses the goblin.
Your squeeze misses the goblin. The goblin hits you with a +0 dagger.
* * * LOW HITPOINT WARNING * * *
You closely miss the goblin. You grab the goblin. You constrict the goblin.
The goblin barely misses you.
You hit the goblin.
You kill the goblin!
The goblin shoots a sling bullet.
The sling bullet hits you.
* * * LOW HITPOINT WARNING * * *
The goblin unwields a +0 sling.
The goblin wields a +0 club.
The goblin hits you with a +0 club.
* * * LOW HITPOINT WARNING * * *
Items here: ))))) ††††††.
You hit the goblin. Your grab misses the goblin.
The goblin is moderately wounded.
The goblin hits you with a +0 club.
You die...

....... #....................
...g....####...................
...g......# #..÷..............##
....g......####.............#####
............##)..............#
............g.)).)...........#
...............#).........####
.......g.....###g.....#####
............## #@######
............# #.# ...........##
#.# #........### #.# #.......###
#.# #.........## #.# ##.........#
#.# #.).####...# ### #.)## #...#


You could see a goblin.

Vanquished Creatures
  A centaur (D:4)
  A howler monkey (D:4)
  2 iguanas (D:4)
  Robin (D:4)
  4 orcs (D:4)
  A ball python (D:4)
  A giant cockroach (D:4)
  13 goblins (D:4)
  2 hobgoblins (D:4)
  3 jackals (D:4)
  A kobold (D:4)
30 creatures vanquished.

Notes
Turn   | Place    | Note
-------+----------+-------------------------------------------
     0 | D:5      | leafyfresh the Octopode Delver began the quest for the Orb.
     0 | D:5      | Reached XP level 1. HP: 16/16 MP: 1/1
     0 | D:5      | Found a staircase to the Ecumenical Temple.
    26 | D:5      | Noticed an ogre
    38 | Temple   | Entered the Ecumenical Temple
   119 | Temple   | Became a worshipper of Ashenzari the Shackled
   203 | D:5      | Noticed an ogre
   271 | D:4      | Noticed a howler monkey
   292 | D:4      | Killed a howler monkey
   293 | D:4      | Reached skill level 7 in Stealth
   293 | D:4      | Reached XP level 2. HP: 8/21 MP: 2/2
   293 | D:4      | Reached XP level 3. HP: 10/26 MP: 3/3
   551 | D:4      | Reached XP level 4. HP: 17/33 MP: 4/4
   793 | D:4      | Noticed a centaur
   800 | D:4      | Killed a centaur
   801 | D:4      | Reached XP level 5. HP: 37/37 MP: 5/5
   901 | D:4      | Reached skill level 8 in Stealth
  1347 | D:4      | Noticed Robin
  1367 | D:4      | Killed Robin
  1391 | D:4      | HP: 1/38 [goblin/+0 club[Robin] (5)]
  1392 | D:4      | Slain by a goblin

Illustrated notes

Levels and vault maps discovered:
D:4:      layout_cave_pods, uniq_robin
D:5:      layout_basic, minmay_temple_entry_junction
Temple:   nicolae_temple_bog_church

Skill      XL: |  1  2  3  4  5 |
---------------+----------------+-----
Stealth        | 7 8 |  8.1
Dodging        | 3 |  3.7
Fighting       | 4 |  4.4
Short Blades   | |  2.0

Action                   |  1- 3 |  4- 6 || total
-------------------------+-------+-------++-------
Melee: Short sword       |    22 |    54 ||    76
       Tentacles         |     6 |    11 ||    17
       Constrict         |     4 |    19 ||    23
Evoke: Wand              |       |     1 ||     1
 Stab: Sleeping          |     1 |     2 ||     3
Armor: Skin              |       |     3 ||     3
Dodge: Dodged            |    20 |    38 ||    58
